[Event "FIDE WSTC Open 50 2025"]
[Site "Prague"]
[Date "2025.02.18"]
[Round "2.22"]
[White "Mrva, Martin"]
[Black "Mitchell, Martin"]
[Result "1-0"]
[Annotator "ChessBase"]
[ECO "B08"]
[WhiteElo "2394"]
[BlackElo "2143"]
[PlyCount "119"]
[EventDate "2025.02.17"]
[EventType "team-tourn"]
[EventCountry "CZE"]
[SourceTitle "playchess.com"]
[Source "ChessBase"]
[SourceQuality "1"]
[TimeControl "40/5400+30:1800+30"]

1. e4 d6 2. d4 Nf6 3. Nc3 g6 4. Nf3 Bg7 5. Be2 O-O 6. O-O Nc6 7. d5 Nb8 8. Be3 c6 9. a4 cxd5 10. exd5 Bg4 11. a5 Na6 12. h3 Bf5 13. Nd4 Bd7 14. f4 Nc5 15. Bf3 Rc8 16. Ra3 Qc7 17. Qd2 Bf5 18. g4 Bd7 19. f5 gxf5 20. gxf5 Kh8 21. Kh1 Rg8 22. Rg1 Ne8 23. Raa1 e5 24. fxe6 fxe6 25. dxe6 Nxe6 26. Nd5 Qd8 27. Nf5 Bc6 28. Raf1 Rf8 29. Bg2 Rf7 30. c4 a6 31. Qe2 Be5 32. Qh5 Qd7 33. Nb6 Qc7 34. Nxc8 N8g7 35. Nxg7 Bxg2+ 36. Kxg2 Qc6+ 37. Rf3 Rxg7+ 38. Kh1 Qxc8 39. Rxg7 Bxg7 40. Bh6 Bxb2 41. Qd5 Bg7 42. Bxg7+ Kxg7 43. Qxd6 h6 44. Qe7+ Kg8 45. Qf7+ Kh8 46. Qg6 Qxc4 47. Qxh6+ Kg8 48. Qg6+ Ng7 49. Qg5 Kh7 50. Rg3 Qf1+ 51. Kh2 Qf2+ 52. Rg2 Qd4 53. Re2 Kh8 54. Qe5 Qd7 55. Rg2 Kh7 56. Rxg7+ Qxg7 57. Qxg7+ Kxg7 58. Kg3 Kg6 59. Kf4 Kh5 60. Ke5 1-0

[Event "FIDE WSTC Open 50 2025"]
[Site "Prague"]
[Date "2025.02.18"]
[Round "2.23"]
[White "Minnican, Alan"]
[Black "Lipka, Juraj"]
[Result "0-1"]
[Annotator "ChessBase"]
[ECO "D02"]
[WhiteElo "2039"]
[BlackElo "2348"]
[PlyCount "76"]
[EventDate "2025.02.17"]
[EventType "team-tourn"]
[EventCountry "CZE"]
[SourceTitle "playchess.com"]
[Source "ChessBase"]
[SourceQuality "1"]
[TimeControl "40/5400+30:1800+30"]

1. d4 d5 2. Nf3 Nf6 3. Bf4 c5 4. e3 Nc6 5. Nbd2 Nh5 6. Be5 f6 7. Bg3 g6 8. c3 cxd4 9. cxd4 Bg7 10. a3 O-O 11. b4 a6 12. Be2 e5 13. Nb3 Nxg3 14. hxg3 e4 15. Nfd2 f5 16. Nc5 Ne7 17. Qb3 b6 18. Na4 Qd6 19. Nc3 Be6 20. Rc1 g5 21. Qd1 h6 22. Nf1 Rfc8 23. f4 exf3 24. gxf3 f4 25. gxf4 gxf4 26. e4 dxe4 27. Nxe4 Qxd4 28. Rxc8+ Rxc8 29. Qxd4 Bxd4 30. Rxh6 Bb3 31. Rd6 Nf5 32. Rd7 Be6 33. Ra7 Ne3 34. Nxe3 fxe3 35. Bd3 Rc1+ 36. Ke2 Bb3 37. Ra8+ Kg7 38. Ng5 Bd1+ 0-1

[Event "FIDE WSTC Open 50 2025"]
[Site "Prague"]
[Date "2025.02.18"]
[Round "2.24"]
[White "Motuz, Karol"]
[Black "Hulme, William"]
[Result "1-0"]
[Annotator "ChessBase"]
[ECO "C77"]
[WhiteElo "2293"]
[BlackElo "1909"]
[PlyCount "81"]
[EventDate "2025.02.17"]
[EventType "team-tourn"]
[EventCountry "CZE"]
[SourceTitle "playchess.com"]
[Source "ChessBase"]
[SourceQuality "1"]
[TimeControl "40/5400+30:1800+30"]

1. e4 e5 2. Nf3 Nc6 3. Bb5 a6 4. Ba4 Nf6 5. d3 Bc5 6. c3 d6 7. O-O h6 8. Re1 b5 9. Bc2 O-O 10. a4 Rb8 11. axb5 axb5 12. h3 Re8 13. Nbd2 d5 14. exd5 Qxd5 15. Qe2 Bf5 16. Ne4 Be7 17. Nh4 Bh7 18. Qf3 Qd7 19. Ng3 Nd5 20. Nhf5 Rbd8 21. Bxh6 Bf8 22. Bg5 f6 23. Bd2 Nce7 24. Nxe7+ Nxe7 25. Ne4 Nd5 26. Rad1 Bf5 27. d4 exd4 28. Nxf6+ Nxf6 29. Bxf5 Qd5 30. Qxd5+ Nxd5 31. cxd4 Bb4 32. Be6+ Kf8 33. Bxd5 Rxe1+ 34. Bxe1 Bxe1 35. Rxe1 Rxd5 36. Re5 Rxd4 37. Rxb5 Rd1+ 38. Kh2 Ke7 39. g4 Rd2 40. Kg3 Rc2 41. h4 1-0

[Event "FIDE WSTC Open 50 2025"]
[Site "Prague"]
[Date "2025.02.18"]
[Round "2.25"]
[White "Haba, Petr"]
[Black "Titscher, Libor"]
[Result "0-1"]
[Annotator "ChessBase"]
[ECO "B30"]
[WhiteElo "2442"]
[BlackElo "2147"]
[PlyCount "34"]
[EventDate "2025.02.17"]
[EventType "team-tourn"]
[EventCountry "CZE"]
[SourceTitle "playchess.com"]
[Source "ChessBase"]
[SourceQuality "1"]
[TimeControl "40/5400+30:1800+30"]

1. e4 c5 2. Nf3 Nc6 3. c3 e5 4. Bc4 Qc7 5. O-O Be7 6. Na3 Nf6 7. d4 cxd4 8. cxd4 Bxa3 9. bxa3 Nxd4 10. Nxe5 Qxe5 11. Bb2 Nf3+ 12. Qxf3 Qxb2 13. e5 d5 14. exf6 dxc4 15. Rae1+ Be6 16. fxg7 Qxg7 17. Qxb7 O-O 0-1

[Event "FIDE WSTC Open 50 2025"]
[Site "Prague"]
[Date "2025.02.18"]
[Round "2.26"]
[White "Schulenburg, Bernd"]
[Black "Jirovsky, Milos"]
[Result "1-0"]
[Annotator "ChessBase"]
[ECO "B31"]
[WhiteElo "2144"]
[BlackElo "2410"]
[PlyCount "59"]
[EventDate "2025.02.17"]
[EventType "team-tourn"]
[EventCountry "CZE"]
[SourceTitle "playchess.com"]
[Source "ChessBase"]
[SourceQuality "1"]
[TimeControl "40/5400+30:1800+30"]

1. e4 c5 2. Nf3 Nc6 3. Bb5 g6 4. O-O Bg7 5. Re1 Nf6 6. h3 O-O 7. c3 Qb6 8. Na3 a6 9. Bxc6 Qxc6 10. d4 cxd4 11. cxd4 d5 12. e5 Ne4 13. Ng5 b5 14. Nxe4 dxe4 15. d5 Qc5 16. Be3 Qb4 17. Nc2 Qc4 18. Bf4 Bb7 19. Ne3 Qb4 20. Re2 Rac8 21. a3 Qa5 22. Rc1 f6 23. Rxc8 Rxc8 24. d6 fxe5 25. Nd5 Qd8 26. Nxe7+ Kh8 27. Bg5 Qd7 28. Nxc8 Bxc8 29. Rc2 Qe8 30. Rxc8 1-0

[Event "FIDE WSTC Open 50 2025"]
[Site "Prague"]
[Date "2025.02.18"]
[Round "2.27"]
[White "Zvara, Petr"]
[Black "Kuna, Ralf-Michael"]
[Result "1-0"]
[Annotator "ChessBase"]
[ECO "C71"]
[WhiteElo "2330"]
[BlackElo "2072"]
[PlyCount "75"]
[EventDate "2025.02.17"]
[EventType "team-tourn"]
[EventCountry "CZE"]
[SourceTitle "playchess.com"]
[Source "ChessBase"]
[SourceQuality "1"]
[TimeControl "40/5400+30:1800+30"]

1. e4 e5 2. Nf3 Nc6 3. Bb5 a6 4. Ba4 d6 5. d4 exd4 6. Nxd4 Bd7 7. Bxc6 bxc6 8. O-O c5 9. Ne2 Nf6 10. Nbc3 Be7 11. Ng3 O-O 12. f4 Bc6 13. Qd3 Nd7 14. b3 Bf6 15. a4 Re8 16. Be3 Bxc3 17. Qxc3 Bxe4 18. Rae1 f5 19. Bd2 Qf6 20. Nxe4 fxe4 21. Qc4+ Qe6 22. Rxe4 Qxc4 23. Rxc4 Re2 24. Rf2 Rae8 25. Kf1 Rxf2+ 26. Kxf2 Nf6 27. Kf3 Kf7 28. g4 c6 29. Ba5 Nd7 30. Re4 Rxe4 31. Kxe4 Nf6+ 32. Kf3 g6 33. f5 d5 34. Kf4 Ne4 35. Ke5 g5 36. h3 h6 37. Bb6 Ke7 38. c4 1-0

[Event "FIDE WSTC Open 50 2025"]
[Site "Prague"]
[Date "2025.02.18"]
[Round "2.28"]
[White "Haentsch, Ralf"]
[Black "Konopka, Michal"]
[Result "1/2-1/2"]
[Annotator "ChessBase"]
[ECO "B09"]
[WhiteElo "2087"]
[BlackElo "2326"]
[PlyCount "112"]
[EventDate "2025.02.17"]
[EventType "team-tourn"]
[EventCountry "CZE"]
[SourceTitle "playchess.com"]
[Source "ChessBase"]
[SourceQuality "1"]
[TimeControl "40/5400+30:1800+30"]

1. e4 d6 2. d4 Nf6 3. Nc3 g6 4. f4 Bg7 5. Nf3 O-O 6. Be2 c5 7. dxc5 Qa5 8. Qd3 Qxc5 9. Be3 Qa5 10. O-O-O Nc6 11. Qb5 Be6 12. Qxa5 Nxa5 13. Nd4 Bc4 14. Bf3 Ba6 15. Ndb5 Nc4 16. Bd4 Bh6 17. Nc7 Bxf4+ 18. Kb1 Be5 19. Nxa8 Rxa8 20. Bxe5 Nxe5 21. Rhe1 Bc4 22. b3 Be6 23. Nb5 Bd7 24. Nc7 Rc8 25. Nd5 Nxd5 26. Rxd5 Kg7 27. Kb2 g5 28. c4 Be6 29. Rd2 Kg6 30. Bd1 h5 31. Bc2 g4 32. Rf2 f6 33. Re3 Bxc4 34. Rc3 Be6 35. Rxc8 Bxc8 36. Kc3 h4 37. g3 Kg5 38. Kd4 Be6 39. Ke3 Bd7 40. Kd4 Be6 41. Ke3 h3 42. Bd1 Bd7 43. Rc2 Bc6 44. Rf2 e6 45. Rd2 d5 46. exd5 Bxd5 47. Rc2 Nc6 48. Rd2 f5 49. Be2 Ne5 50. Rc2 Bc6 51. Rd2 Ng6 52. Bc4 f4+ 53. gxf4+ Nxf4 54. Kf2 e5 55. Rd8 Nh5 56. Bd5 Nf6 1/2-1/2

[Event "FIDE WSTC Open 50 2025"]
[Site "Prague"]
[Date "2025.02.18"]
[Round "2.29"]
[White "Muir, Andrew J"]
[Black "Bischoff, Klaus"]
[Result "1/2-1/2"]
[Annotator "ChessBase"]
[ECO "A58"]
[WhiteElo "2166"]
[BlackElo "2432"]
[PlyCount "45"]
[EventDate "2025.02.17"]
[EventType "team-tourn"]
[EventCountry "CZE"]
[SourceTitle "playchess.com"]
[Source "ChessBase"]
[SourceQuality "1"]
[TimeControl "40/5400+30:1800+30"]

1. d4 Nf6 2. c4 c5 3. d5 b5 4. cxb5 a6 5. bxa6 g6 6. Nc3 Bg7 7. e4 O-O 8. Nf3 Qa5 9. Bd2 Bxa6 10. Be2 d6 11. O-O Qb4 12. Bxa6 Nxa6 13. Qc2 Rfb8 14. Rab1 Qc4 15. a3 Qb3 16. Qxb3 Rxb3 17. e5 dxe5 18. Nxe5 Nc7 19. f4 Ncxd5 20. Nxd5 Nxd5 21. Rfc1 Rc8 22. Rc2 f6 23. Nc4 1/2-1/2

[Event "FIDE WSTC Open 50 2025"]
[Site "Prague"]
[Date "2025.02.18"]
[Round "2.30"]
[White "Seul, Georg"]
[Black "Farrell, Neil"]
[Result "0-1"]
[Annotator "ChessBase"]
[ECO "C02"]
[WhiteElo "2329"]
[BlackElo "2116"]
[PlyCount "71"]
[EventDate "2025.02.17"]
[EventType "team-tourn"]
[EventCountry "CZE"]
[SourceTitle "playchess.com"]
[Source "ChessBase"]
[SourceQuality "1"]
[TimeControl "40/5400+30:1800+30"]

1. e4 e6 2. d4 d5 3. e5 c5 4. c3 Nc6 5. Nf3 Qb6 6. a3 Nh6 7. Bd3 cxd4 8. O-O Bd7 9. b4 Rc8 10. Ra2 dxc3 11. Nxc3 Nxb4 12. axb4 Rxc3 13. Be3 Qd8 14. Rxa7 Bxb4 15. Rxb7 Be7 16. Qd2 Ra3 17. Rc1 O-O 18. Bxh6 gxh6 19. Bb1 f5 20. Rcc7 Bc8 21. Rxe7 Bxb7 22. Rxb7 Qc8 23. Rb6 Qc5 24. Qb2 Rc8 25. h4 Qc1+ 26. Qxc1 Rxc1+ 27. Kh2 Ra1 28. Rxe6 Raxb1 29. Rxh6 Rb2 30. Rd6 Rcc2 31. Kg3 Rxf2 32. Kf4 Rxg2 33. Rxd5 Rbf2 34. Rd3 Rg4+ 35. Kxf5 Rxh4 36. Kg5 0-1

[Event "FIDE WSTC Open 50 2025"]
[Site "Prague"]
[Date "2025.02.18"]
[Round "2.31"]
[White "Robertson, Ian C."]
[Black "Wolf, Volker"]
[Result "0-1"]
[Annotator "ChessBase"]
[ECO "A46"]
[WhiteElo "2064"]
[BlackElo "2206"]
[PlyCount "96"]
[EventDate "2025.02.17"]
[EventType "team-tourn"]
[EventCountry "CZE"]
[SourceTitle "playchess.com"]
[Source "ChessBase"]
[SourceQuality "1"]
[TimeControl "40/5400+30:1800+30"]

1. d4 Nf6 2. Nf3 e6 3. e3 b6 4. Bd3 Bb7 5. O-O c5 6. c4 Be7 7. Nc3 O-O 8. d5 exd5 9. cxd5 d6 10. e4 Nbd7 11. h3 a6 12. a4 Re8 13. Bf4 Bf8 14. Re1 Qc7 15. Bc4 g6 16. Qd2 Bg7 17. Re2 Nh5 18. Bh2 Ne5 19. Nxe5 Bxe5 20. Rae1 Qe7 21. f4 Bd4+ 22. Kh1 Qh4 23. Rf1 Ng3+ 24. Bxg3 Qxg3 25. Qe1 Qxe1 26. Rfxe1 f6 27. Kh2 Kg7 28. Kg3 Bc8 29. Nb1 Bd7 30. b3 b5 31. axb5 axb5 32. Bd3 g5 33. Rc1 Ra1 34. fxg5 fxg5 35. Kh2 Rf8 36. Rce1 Be5+ 37. Kg1 Bg3 38. Rd1 Be5 39. Ree1 Ra2 40. Re2 Bd4+ 41. Kh1 Ra1 42. Ree1 h5 43. Nd2 Rxd1 44. Rxd1 g4 45. Nf1 gxh3 46. Ng3 hxg2+ 47. Kxg2 Rf2+ 48. Kh1 Bg4 0-1

[Event "FIDE WSTC Open 50 2025"]
[Site "Prague"]
[Date "2025.02.18"]
[Round "2.32"]
[White "Polster, Wolfgang"]
[Black "Sanger, Mark"]
[Result "0-1"]
[Annotator "NA"]
[ECO "A20"]
[WhiteElo "2131"]
[BlackElo "2135"]
[PlyCount "58"]
[EventDate "2025.02.17"]
[EventType "team-tourn"]
[EventCountry "CZE"]
[SourceTitle "playchess.com"]
[Source "ChessBase"]
[SourceQuality "1"]
[TimeControl "40/5400+30:1800+30"]

1. c4 e5 2. g3 Nc6 3. Bg2 f5 4. d3 Nf6 5. Nc3 Bc5 6. e3 a6 7. Nge2 Ba7 8. Rb1 d6 9. b4 O-O 10. O-O Qe8 11. a4 f4 12. b5 axb5 13. axb5 Ne7 14. exf4 Qh5 15. Ne4 Bg4 16. Rb2 Nf5 17. c5 Nd4 18. f3 Bxf3 19. Rxf3 Nxf3+ 20. Bxf3 Qxf3 21. b6 cxb6 22. cxb6 Bb8 23. Qb3+ d5 24. Ng5 Qh5 25. fxe5 Bxe5 26. d4 Bd6 27. Kg2 h6 28. Ne6 Ra3 29. N2f4 Rxb3 0-1

[Event "FIDE WSTC Open 50 2025"]
[Site "Prague"]
[Date "2025.02.18"]
[Round "2.33"]
[White "Csiszar, Csaba"]
[Black "Zimmermann, Luc"]
[Result "1-0"]
[Annotator "ChessBase"]
[ECO "A48"]
[WhiteElo "2378"]
[BlackElo "2177"]
[PlyCount "113"]
[EventDate "2025.02.17"]
[EventType "team-tourn"]
[EventCountry "CZE"]
[SourceTitle "playchess.com"]
[Source "ChessBase"]
[SourceQuality "1"]
[TimeControl "40/5400+30:1800+30"]

1. d4 Nf6 2. Nf3 g6 3. c4 Bg7 4. Nc3 O-O 5. Bf4 d5 6. Rc1 Be6 7. e3 dxc4 8. Ng5 Bd5 9. e4 h6 10. exd5 hxg5 11. Bxg5 Nxd5 12. Bxc4 Nb6 13. Bb3 Qxd4 14. Qxd4 Bxd4 15. Nb5 Bxb2 16. Rc2 Be5 17. Nxc7 Bxc7 18. Rxc7 Nc6 19. Rxb7 e6 20. Bd1 Rab8 21. Rxb8 Rxb8 22. h4 Nd5 23. Bb3 Nd4 24. Rh3 Nxb3 25. Rxb3 Rc8 26. Rb7 a6 27. Ra7 Rc6 28. Bd2 Kg7 29. g3 Kf6 30. a4 e5 31. a5 Ke6 32. g4 Nf4 33. Bxf4 exf4 34. Ke2 f6 35. Kf3 g5 36. h5 f5 37. Rg7 Rc3+ 38. Kg2 fxg4 39. Rxg5 g3 40. fxg3 fxg3 41. h6 Kf7 42. Rg7+ Kf6 43. Rg8 Rc7 44. Kxg3 Rc3+ 45. Kf4 Rc4+ 46. Ke3 Rh4 47. Ra8 Ke5 48. Rxa6 Rh3+ 49. Kf2 Kf4 50. Rf6+ Kg5 51. Rc6 Kf4 52. a6 Rh2+ 53. Ke1 Rh5 54. a7 Re5+ 55. Kd2 Re8 56. h7 Kg5 57. Rb6 1-0

[Event "FIDE WSTC Open 50 2025"]
[Site "Prague"]
[Date "2025.02.18"]
[Round "2.34"]
[White "Frenken, Marcel"]
[Black "Czebe, Attila"]
[Result "0-1"]
[Annotator "ChessBase"]
[ECO "A02"]
[WhiteElo "2064"]
[BlackElo "2255"]
[PlyCount "72"]
[EventDate "2025.02.17"]
[EventType "team-tourn"]
[EventCountry "CZE"]
[SourceTitle "playchess.com"]
[Source "ChessBase"]
[SourceQuality "1"]
[TimeControl "40/5400+30:1800+30"]

1. f4 b6 2. e4 Bb7 3. d3 g6 4. Nf3 Bg7 5. c3 Nf6 6. Be2 O-O 7. O-O c5 8. Na3 Nc6 9. Qe1 Ne8 10. Be3 d5 11. e5 d4 12. cxd4 Nxd4 13. Bxd4 cxd4 14. Qf2 f6 15. Nxd4 Nc7 16. Bf3 Bxf3 17. Nxf3 fxe5 18. fxe5 Bxe5 19. Nc4 Bg7 20. Qg3 Ne6 21. Nce5 Nd4 22. Rae1 Nxf3+ 23. gxf3 Rc8 24. Rf2 Qd5 25. a3 Rf5 26. f4 Bxe5 27. fxe5 Rxf2 28. Qxf2 Rf8 29. Qe3 Rf3 30. Qg5 Qd4+ 31. Kh1 Qxd3 32. Qg2 Kg7 33. e6 Qf5 34. Kg1 h5 35. Qd2 Qg4+ 36. Kh1 Qf4 0-1

[Event "FIDE WSTC Open 50 2025"]
[Site "Prague"]
[Date "2025.02.18"]
[Round "2.35"]
[White "Horvath, Peter"]
[Black "Van der Zwet, Bart"]
[Result "1/2-1/2"]
[Annotator "ChessBase"]
[ECO "D36"]
[WhiteElo "2354"]
[BlackElo "1998"]
[PlyCount "97"]
[EventDate "2025.02.17"]
[EventType "team-tourn"]
[EventCountry "CZE"]
[SourceTitle "playchess.com"]
[Source "ChessBase"]
[SourceQuality "1"]
[TimeControl "40/5400+30:1800+30"]

1. d4 Nf6 2. c4 e6 3. Nc3 d5 4. cxd5 exd5 5. Bg5 c6 6. Qc2 Be7 7. e3 Nbd7 8. Bd3 O-O 9. Nf3 Re8 10. O-O h6 11. Bf4 Nf8 12. h3 Bd6 13. Ne5 Qe7 14. Rab1 N6d7 15. Nxd7 Nxd7 16. Bxd6 Qxd6 17. b4 Nf6 18. b5 c5 19. dxc5 Qxc5 20. Ne2 Qxc2 21. Bxc2 Be6 22. Bb3 Rac8 23. Rbc1 Kf8 24. a4 Ke7 25. f3 Rxc1 26. Rxc1 Rc8 27. Rd1 Rc5 28. Kf2 a6 29. bxa6 bxa6 30. g4 Bd7 31. h4 Be6 32. Rd4 Ne8 33. Rb4 Kd6 34. Nd4 Kc7 35. Bd1 Bd7 36. Rb2 Rc4 37. Bb3 Rb4 38. Rc2+ Kd6 39. a5 Nc7 40. Rd2 Nb5 41. Bd1 Nxd4 42. exd4 Ba4 43. Bxa4 Rxa4 44. Rb2 Rxa5 45. Rb7 Ke6 46. Rb6+ Kd7 47. Rb7+ Ke6 48. Rb6+ Kd7 49. Rb7+ 1/2-1/2

[Event "FIDE WSTC Open 50 2025"]
[Site "Prague"]
[Date "2025.02.18"]
[Round "2.36"]
[White "Mengerink, Ynze"]
[Black "Krizsany, Laszlo"]
[Result "0-1"]
[Annotator "ChessBase"]
[ECO "B02"]
[WhiteElo "2101"]
[BlackElo "2303"]
[PlyCount "102"]
[EventDate "2025.02.17"]
[EventType "team-tourn"]
[EventCountry "CZE"]
[SourceTitle "playchess.com"]
[Source "ChessBase"]
[SourceQuality "1"]
[TimeControl "40/5400+30:1800+30"]

1. e4 Nf6 2. Nc3 d5 3. e5 Ne4 4. Nce2 d4 5. c3 Nc6 6. Nf3 Bg4 7. Nexd4 Nxe5 8. Qa4+ Bd7 9. Bb5 Nd3+ 10. Ke2 Nf4+ 11. Kf1 Nd6 12. Bxd7+ Qxd7 13. Qxd7+ Kxd7 14. Ne5+ Ke8 15. d3 Ng6 16. Nc4 Nxc4 17. dxc4 e5 18. Nf5 Kd7 19. g3 Ke6 20. Ne3 Rd8 21. Ke2 f5 22. b4 Be7 23. Nd5 Rd7 24. Nxe7 Nxe7 25. Be3 Rhd8 26. Rad1 Nc8 27. Rxd7 Rxd7 28. Rd1 Rxd1 29. Kxd1 a6 30. Kd2 Nd6 31. Kd3 Nf7 32. c5 c6 33. c4 g5 34. f3 h5 35. h4 gxh4 36. gxh4 f4 37. Bf2 Nh6 38. Be1 Nf5 39. Bf2 Kf6 40. Be1 Ke6 41. Bf2 Ne7 42. Ke4 Ng8 43. Be1 Nf6+ 44. Kd3 Kf5 45. Bc3 e4+ 46. fxe4+ Nxe4 47. Bd4 Ng3 48. Bc3 Kg4 49. Bf6 Kf3 50. Bg5 Nf5 51. Bf6 Kg2 0-1

[Event "FIDE WSTC Open 50 2025"]
[Site "Prague"]
[Date "2025.02.18"]
[Round "2.37"]
[White "Olivier, Pierre"]
[Black "Svensson, Bengt"]
[Result "1/2-1/2"]
[Annotator "ChessBase"]
[ECO "D26"]
[WhiteElo "2152"]
[BlackElo "2297"]
[PlyCount "47"]
[EventDate "2025.02.17"]
[EventType "team-tourn"]
[EventCountry "CZE"]
[SourceTitle "playchess.com"]
[Source "ChessBase"]
[SourceQuality "1"]
[TimeControl "40/5400+30:1800+30"]

1. d4 d5 2. c4 dxc4 3. Nf3 Nf6 4. e3 e6 5. Bxc4 a6 6. O-O c5 7. Be2 Nc6 8. Ne5 cxd4 9. Nxc6 bxc6 10. exd4 Be7 11. Qa4 Bd7 12. Qc2 Qb6 13. Nd2 Qxd4 14. Nb3 Qe4 15. Qxe4 Nxe4 16. Be3 Nf6 17. Nc5 a5 18. Nxd7 Kxd7 19. Bd4 Rhg8 20. Bxf6 Bxf6 21. Rfd1+ Ke7 22. Rac1 Rgd8 23. b3 Rxd1+ 24. Rxd1 1/2-1/2

[Event "FIDE WSTC Open 50 2025"]
[Site "Prague"]
[Date "2025.02.18"]
[Round "2.38"]
[White "Svenn, Gosta"]
[Black "Kirszenberg, Marc"]
[Result "1-0"]
[Annotator "ChessBase"]
[ECO "A03"]
[WhiteElo "2290"]
[BlackElo "2080"]
[PlyCount "73"]
[EventDate "2025.02.17"]
[EventType "team-tourn"]
[EventCountry "CZE"]
[SourceTitle "playchess.com"]
[Source "ChessBase"]
[SourceQuality "1"]
[TimeControl "40/5400+30:1800+30"]

1. f4 d5 2. e3 Nf6 3. Nf3 Bf5 4. b3 e6 5. Bb2 Be7 6. Be2 h6 7. O-O O-O 8. Ne5 Nbd7 9. Bf3 c6 10. Nc3 Nxe5 11. fxe5 Nd7 12. Ne2 Qc7 13. d4 Qb6 14. Kh1 a5 15. a4 Bh7 16. Nf4 c5 17. Ba3 Rae8 18. Be2 cxd4 19. Bxe7 Rxe7 20. exd4 Nb8 21. Bd3 Bxd3 22. Qxd3 Nc6 23. Rad1 Rc8 24. Nh5 Qd8 25. Nf6+ gxf6 26. Qg3+ Kf8 27. exf6 Rec7 28. c4 b6 29. c5 bxc5 30. dxc5 Nb4 31. Qg7+ Ke8 32. Qg8+ Kd7 33. Qxf7+ Kc6 34. Qxe6+ Kxc5 35. Rc1+ Kd4 36. Rf4+ Kd3 37. Rf3+ 1-0

[Event "FIDE WSTC Open 50 2025"]
[Site "Prague"]
[Date "2025.02.18"]
[Round "2.39"]
[White "Guiot Dorel, Jerome"]
[Black "Jaderberg, Bjorn"]
[Result "1/2-1/2"]
[Annotator "NA"]
[ECO "A40"]
[WhiteElo "2030"]
[BlackElo "2134"]
[PlyCount "38"]
[EventDate "2025.02.17"]
[EventType "team-tourn"]
[EventCountry "CZE"]
[SourceTitle "playchess.com"]
[Source "ChessBase"]
[SourceQuality "1"]
[TimeControl "40/5400+30:1800+30"]

1. d4 e6 2. Bf4 f5 3. Nf3 Nf6 4. e3 b6 5. h3 Bd6 6. Bxd6 cxd6 7. Be2 Bb7 8. O-O O-O 9. c4 d5 10. Nbd2 Ne4 11. cxd5 Bxd5 12. Nxe4 fxe4 13. Nd2 Nc6 14. Bc4 Bxc4 15. Nxc4 d5 16. Nd2 Qe7 17. a3 Rf6 18. Rc1 Qd6 19. f4 exf3 1/2-1/2

[Event "FIDE WSTC Open 50 2025"]
[Site "Prague"]
[Date "2025.02.18"]
[Round "2.40"]
[White "Wengholm, Anders"]
[Black "Coste, Thierry"]
[Result "0-1"]
[Annotator "NA"]
[ECO "A05"]
[WhiteElo "2132"]
[BlackElo "2027"]
[PlyCount "58"]
[EventDate "2025.02.17"]
[EventType "team-tourn"]
[EventCountry "CZE"]
[SourceTitle "playchess.com"]
[Source "ChessBase"]
[SourceQuality "1"]
[TimeControl "40/5400+30:1800+30"]

1. Nf3 Nf6 2. c4 e6 3. g3 d5 4. Bg2 Be7 5. d4 O-O 6. O-O dxc4 7. Qc2 a6 8. a4 Bd7 9. Rd1 Bc6 10. Nc3 Bxf3 11. Bxf3 Nc6 12. Bxc6 bxc6 13. a5 c5 14. dxc5 Qe8 15. Ra4 Bxc5 16. Rxc4 Qe7 17. Bg5 Rfd8 18. Rxd8+ Rxd8 19. Ne4 Bd4 20. Rxc7 Qb4 21. Bd2 Qb8 22. Nxf6+ gxf6 23. b4 Kg7 24. Be1 h5 25. Qc6 h4 26. e3 Be5 27. Rb7 Rd6 28. Rxb8 Rxc6 29. f4 Bxb8 0-1

[Event "FIDE WSTC Open 50 2025"]
[Site "Prague"]
[Date "2025.02.19"]
[Round "3.1"]
[White "Adams, Michael"]
[Black "Csiszar, Csaba"]
[Result "1-0"]
[Annotator "TA"]
[ECO "B30"]
[WhiteElo "2664"]
[BlackElo "2378"]
[PlyCount "63"]
[EventDate "2025.02.17"]
[EventType "team-tourn"]
[EventCountry "CZE"]
[SourceTitle "playchess.com"]
[Source "ChessBase"]
[SourceQuality "1"]
[TimeControl "40/5400+30:1800+30"]

1. e4 c5 2. Nf3 Nc6 3. Bb5 d6 4. O-O Bd7 5. c3 Nf6 6. d4 {[%emt 0:00:08] B51: Sicilian: Moscow Variation (3 Bb5+) without 3...Bd7.} a6 7. Bxc6 Bxc6 8. d5 {[%emt 0:00:08] White is slightly better.} Bd7 9. e5 dxe5 10. Nxe5 g6 11. c4 Bg7 12. Nc3 O-O 13. Re1 b5 14. Bg5 h6 15. Bh4 bxc4 {[%emt 0:06:33][%csl Oa6,Oc4,Oc5] Black has weak pawns} 16. Qe2 {[%emt 0:14:41][%csl Oe5] White sacrificed a pawn. Strong Square White (e5)} Re8 $146 ({Predecessor:} 16... Rb8 17. Rad1 Re8 18. Nxc4 Rb4 19. a3 Rb3 20. Ne5 Qc8 21. Qc2 Qb7 22. Nc4 Bf5 {1-0 Cicak,S (2596)-Ivanov,S (2622) SWE-chT 0809 2008 (9)}) 17. Rad1 {[%emt 0:00:54][%mdl 1024] White has strong compensation.} Qc8 18. h3 {[%emt 0:06:58] White has more active pieces.} Qb7 19. Rd2 Rac8 20. Red1 (20. Nxc4 Bb5 $14) (20. Qf3 $16) 20... Bf5 (20... Nh5 $11) 21. Nxc4 $16 Bd7 22. Qf3 (22. d6 $14 g5 (22... exd6 $2 23. Qd3 $18) 23. Bg3 (23. Na5 $2 Qb4 $19)) 22... Qb4 (22... g5 $1 $11) 23. b3 Bb5 $2 {[%emt 0:02:29][%mdl 8192] [#] Black cannot hold the game after this.} (23... Qb8 $16 24. Re2 Bb5) 24. Nxb5 $1 $18 (24. Bxf6 Bxf6 25. Nxb5 axb5 $16) 24... Qxb5 ({Of course not} 24... axb5 25. a3 $18) 25. d6 g5 26. Bg3 {[%emt 0:01:09] Hoping for dxe7. White is clearly winning.} (26. d7 Nxd7 27. Rxd7 gxh4 $18) 26... Rcd8 {[%emt 0:00:17] [#]} 27. d7 $1 Rf8 28. a4 Qb4 29. Bc7 e6 (29... Rxd7 $142 30. Rxd7 Nxd7 31. Rxd7 Qe1+ 32. Kh2 Qc3 33. Qxc3 (33. Rxe7 Qxf3 34. gxf3 Bf6 $18) 33... Bxc3) 30. Bxd8 Rxd8 31. Ne5 Qb6 32. Nc6 {[%emt 0:01:06] Weighted Error Value: White=0.08 (flawless) /Black=0.55  Loses game:     	---       	Black=1      Mistake:       	White=2     	Black=3      Inaccurate:     	---       	Black=2      OK:         	White=13    	Black=8      Best:        	White=3     	---        Strong:       	White=1     	---} 1-0